 Dungeon Crawl Stone Soup version 0.21.1-1-g345015f (webtiles) character file.

9164 troglodite the Fighter (level 11, -3/87 HPs)
             Began as a Demonspawn Berserker on Apr 26, 2018.
             Was a High Priest of Trog.
             Slain by Snorg (9 damage)
             ... on level 10 of the Dungeon on May 1, 2018.
             The game lasted 00:32:55 (11077 turns).

troglodite the Fighter (Demonspawn Berserker)      Turns: 11077, Time: 00:32:55

Health: -3/87      AC: 19    Str: 22    XL:     11   Next: 19%
Magic:  11/11      EV:  6    Int:  8    God:    Trog [*****.]
Gold:   566        SH: 16    Dex: 17    Spells: 10/10 levels left

rFire    . . .     SeeInvis .   a - +0 falchion
rCold    + . .     Gourm    .   r - +0 large shield
rNeg     . . .     Faith    .   j - +0 plate armour
rPois    .         Spirit   .   (helmet unavailable)
rElec    .         Reflect  .   x - +0 cloak
rCorr    +         Harm     .   k - +0 pair of gloves
MR       .....                  h - +2 pair of boots
Stlth    ..........             (no amulet)
HPRegen  0.24/turn              m - ring of resist corrosion
MPRegen  0.12/turn              K - +5 ring of strength

@: berserk cooldown, starving, slowed, very slow
A: claws 2, horns 3, talons 2, cold resistance 1
a: Berserk, Trog's Hand, Brothers in Arms, Burn Spellbooks, Renounce Religion


You were on level 10 of the Dungeon.
You worshipped Trog.
Trog was extremely pleased with you.
You were starving.

You visited 1 branch of the dungeon, and saw 10 of its levels.
You also visited: Sewer.

You collected 566 gold pieces.

Inventory:

Hand Weapons
 a - a +0 falchion (weapon)
Armour
 b - a scarf of spirit shield
 h - a +2 pair of boots (worn)
 j - a +0 plate armour (worn)
 k - a +0 pair of gloves (worn)
 r - a +0 large shield (worn)
 x - a +0 cloak (worn)
Jewellery
 i - a +3 ring of intelligence
 m - a ring of resist corrosion (left hand)
 K - a +5 ring of strength (right hand)
Wands
 y - a wand of acid (18)
 L - a wand of clouds (5)
Scrolls
 d - 5 scrolls of amnesia {unknown}
 g - 5 scrolls of teleportation {unknown}
 n - 11 scrolls of remove curse
 o - 3 scrolls of fog {unknown}
 q - a scroll of random uselessness {unknown}
 u - 2 scrolls of immolation {unknown}
 w - a scroll of magic mapping {unknown}
 F - 3 scrolls of blinking {unknown}
 I - 2 scrolls of enchant weapon {unknown}
Potions
 e - 3 potions of heal wounds
 f - 11 potions of curing
 l - a potion of ambrosia
 p - 5 potions of haste
 t - 2 potions of mutation
 v - 2 potions of resistance
 z - a potion of cancellation {unknown}
 A - 3 potions of brilliance
 B - a potion of degeneration {unknown}
 C - 3 potions of lignification
 D - 5 potions of agility
 E - 3 potions of might
 H - a potion of invisibility {unknown}
 J - a potion of magic {unknown}
Comestibles
 c - 19 rations
 s - 7 chunks of flesh


   Skills:
 * Level 8.4 Fighting
 + Level 8.0 Long Blades
 * Level 8.0 Armour
 * Level 6.0 Dodging
 + Level 0.3 Stealth
 * Level 7.5 Shields


You had 10 spell levels left.
You didn't know any spells.

Dungeon Overview and Level Annotations

Branches:
Dungeon (10/15)            Temple (0/1) D:6            Lair (0/6) D:8
    Orc (0/2) D:10

Altars:
Ashenzari
Dithmenos
Gozag
Hepliaklqana
Kikubaaqudgha
Makhleb
Nemelex Xobeh
Okawaru
Sif Muna
Trog
Uskayaw
Vehumet
Xom

Annotations:
D:10 Snorg


Innate Abilities, Weirdness & Mutations

You have very sharp fingernails.
You have a pair of large horns on your head.
You have razor-sharp toenails.
Your flesh is cold resistant. (rC+)


Message History

The kobold hits your ogre with a short sword.
You block the kobold's attack.
You feel much better. Snorg bites your ogre!
Your ogre dies!
Your ogre's corpse disappears in a puff of smoke!
You block Snorg's attack. Snorg barely misses you. You block Snorg's attack.
You block the kobold's attack. You block Snorg's attack.
Snorg claws you but does no damage. Snorg barely misses you.
Unknown command.
Your two-headed ogre goes berserk!
You are starving!
You block Snorg's attack. Snorg claws you! x2
* * * LOW HITPOINT WARNING * * *
The kobold closely misses you.
You riposte.
You hit the kobold.
You kill the kobold!
Trog accepts your kill. Snorg bites you!!
* * * LOW HITPOINT WARNING * * *
Snorg claws you!
You die...

# #..## #........#
##+#####...#
#........#
...........#
#....|...#
######'###.#
##..).....#
.........#.#
#.........#
.........#.#
#..##+###.#
.........#.# #..#
........##.######T.#
................@K.#
.........#####..K).#
.........# #.O...#
........## #.....#
...>....# #.....#
........# #....##
........######....#
..................#
...(..........†...#


You could see Snorg (berserk), 2 kobolds and a friendly two-headed ogre
(berserk).

Vanquished Creatures
  A two-headed ogre (D:10)
  A cyclops (D:10)
  Psyche (D:8)
  A polar bear (D:8)
  A troll (D:10)
  A hornet (D:10)
  2 hippogriffs
  A spriggan (D:8)
  A yak (D:8)
  A basilisk (D:8)
  Grum (D:8)
  A hungry ghost (D:9)
  3 porcupines (D:8)
  An orc warrior (D:8)
  4 ice beasts
  2 black bears (D:6)
  3 sky beasts
  A necrophage (D:7)
  6 ogres
  A phantom (D:8)
  An eye of draining (D:9)
  10 wolves
  3 centaurs
  2 crocodiles (D:8)
  4 big kobolds (Sewer)
  5 bullfrogs
  4 killer bees (D:6)
  3 wights (D:7)
  3 electric eels (D:8)
  4 howler monkeys
  5 crimson imps
  A centaur zombie (D:5)
  2 bullfrog skeletons
  2 jellies
  Crazy Yiuf (D:6)
  8 orc wizards
  8 orc priests
  6 hounds
  2 centaur skeletons
  Jessica (D:3)
  4 iguanas
  9 worker ants
  Ijyb (D:3)
  A killer bee zombie (D:7)
  A bullfrog simulacrum (D:8)
  A centaur simulacrum (D:8)
  A hound zombie (D:9)
  A hound skeleton (D:10)
  A worker ant zombie (D:6)
  3 gnolls (D:5)
  12 adders
  A howler monkey skeleton (D:2)
  2 shadow imps (D:8)
  A white imp (D:8)
  2 oozes
  3 adder zombies
  An adder skeleton (D:5)
  3 worms
  An adder simulacrum (D:8)
  4 dart slugs
  2 leopard geckos (D:7)
  33 orcs
  5 bats
  9 giant cockroaches
  10 goblins
  9 hobgoblins
  12 jackals
  3 quokkas
  4 ball pythons
  12 frilled lizards
  A jackal skeleton (D:7)
  15 kobolds
  13 rats
290 creatures vanquished.

Vanquished Creatures (collateral kills)
  2 electric eels (D:9)
2 creatures vanquished.

Vanquished Creatures (others)
  A yak (D:8)
  An ogre (D:5)
  An adder (D:5)
  An adder simulacrum (D:8)
  2 orcs (D:9)
  A jackal skeleton (D:5)
  A bush (D:8)
  5 fungi (D:8)
  11 plants (D:8)
24 creatures vanquished.

Grand Total: 316 creatures vanquished

Notes
Turn   | Place    | Note
-------+----------+-------------------------------------------
     0 | D:1      | troglodite the Demonspawn Berserker began the quest for the Orb.
     0 | D:1      | Reached XP level 1. HP: 18/18 MP: 1/1
   216 | D:1      | Gained mutation: You have sharp fingernails. [demonic ancestry]
   216 | D:1      | Reached XP level 2. HP: 23/24 MP: 2/2
   678 | D:1      | Reached ** piety under Trog
   693 | D:1      | Gained mutation: You have a pair of small horns on your head. [demonic ancestry]
   693 | D:1      | Reached XP level 3. HP: 29/29 MP: 3/3
  1125 | D:2      | Gained mutation: You have sharp toenails. [demonic ancestry]
  1125 | D:2      | Reached XP level 4. HP: 33/37 MP: 2/4
  1819 | D:3      | Found a shadowy altar of Dithmenos.
  1863 | D:3      | Noticed Jessica
  1876 | D:3      | Killed Jessica
  1876 | D:3      | Reached XP level 5. HP: 42/42 MP: 5/5
  1983 | D:3      | Noticed Ijyb
  1991 | D:3      | Killed Ijyb
  1991 | D:3      | Reached *** piety under Trog
  2197 | D:3      | Found an iron altar of Okawaru.
  2197 | D:3      | Found a bloodstained altar of Trog.
  2635 | D:4      | Found a shattered altar of Ashenzari.
  2742 | D:4      | Reached skill level 1 in Shields
  2762 | D:4      | Gained mutation: You have very sharp fingernails. [demonic ancestry]
  2762 | D:4      | Reached XP level 6. HP: 49/49 MP: 6/6
  2939 | D:4      | Found a glowing drain.
  2957 | Sewer    | Entered a sewer
  3137 | Sewer    | Gained mutation: You have a pair of horns on your head. [demonic ancestry]
  3137 | Sewer    | Reached XP level 7. HP: 48/55 MP: 7/7
  3138 | Sewer    | Received a gift from Trog
  3201 | Sewer    | Reached **** piety under Trog
  3581 | D:5      | Entered Level 5 of the Dungeon
  3645 | D:5      | Found a hazy altar of Hepliaklqana.
  3672 | D:5      | Reached skill level 5 in Fighting
  4150 | D:5      | Reached skill level 5 in Long Blades
  4150 | D:5      | Gained mutation: Your flesh is cold resistant. (rC+) [demonic ancestry]
  4150 | D:5      | Reached XP level 8. HP: 62/62 MP: 8/8
  4337 | D:5      | Found an opulent altar of Gozag.
  4456 | D:5      | Found a shimmering altar of Xom.
  4719 | D:6      | Found a radiant altar of Vehumet.
  4761 | D:6      | Reached skill level 5 in Armour
  5053 | D:6      | Found a burning altar of Makhleb.
  5053 | D:6      | Noticed a green death
  5064 | D:6      | Noticed a dagger
  5065 | D:6      | Noticed a hand axe
  5075 | D:6      | Found a hide-covered altar of Uskayaw.
  5093 | D:6      | Found a staircase to the Ecumenical Temple.
  5142 | D:6      | Gained mutation: You have razor-sharp toenails. [demonic ancestry]
  5142 | D:6      | Reached XP level 9. HP: 34/69 MP: 9/9
  5217 | D:6      | Found a radiant altar of Vehumet.
  5483 | D:6      | Found an ancient bone altar of Kikubaaqudgha.
  5484 | D:6      | Found a deep blue altar of Sif Muna.
  5841 | D:6      | Found a runed door.
  5845 | D:6      | Noticed Crazy Yiuf
  5850 | D:6      | Killed Crazy Yiuf
  5850 | D:6      | Reached skill level 5 in Shields
  6624 | D:7      | Reached ***** piety under Trog
  6770 | D:8      | Noticed a polar bear
  6786 | D:8      | Killed a polar bear
  6834 | D:7      | Reached skill level 5 in Dodging
  7729 | D:8      | Reached XP level 10. HP: 72/79 MP: 10/10
  8243 | D:8      | Found a staircase to the Lair.
  8660 | D:8      | Noticed Psyche
  8663 | D:8      | Noticed Grum
  8664 | D:8      | Killed Psyche
  8673 | D:8      | Received a gift from Trog
  8679 | D:8      | Killed Grum
  8761 | D:8      | Found a sparkling altar of Nemelex Xobeh.
 10443 | D:10     | Entered Level 10 of the Dungeon
 10447 | D:10     | Paralysed by a hornet for 2 turns
 10588 | D:10     | Noticed a cyclops
 10610 | D:10     | Killed a cyclops
 10610 | D:10     | Gained mutation: You have a pair of large horns on your head. [demonic ancestry]
 10610 | D:10     | Reached XP level 11. HP: 36/87 MP: 11/11
 10901 | D:10     | Found a staircase to the Orcish Mines.
 11055 | D:10     | Noticed a two-headed ogre
 11056 | D:10     | Noticed Snorg
 11063 | D:10     | Killed a two-headed ogre
 11077 | D:10     | Slain by Snorg

Skill      XL: |  1  2  3  4  5  6  7  8  9 10 11 |
---------------+----------------------------------+-----
Long Blades    | 3 4 5 6 7 8 |  8.0
Armour         | 2 3 4 5 6 7 8 |  8.0
Dodging        | 2 3 4 5 6 |  6.0
Fighting       | 4 5 7 8 |  8.4
Shields        | 1 2 3 4 6 7 |  7.5
Stealth        | |  0.3

Action                   |  1- 3 |  4- 6 |  7- 9 | 10-12 || total
-------------------------+-------+-------+-------+-------++-------
Melee: Falchion          |   138 |   186 |   484 |   388 ||  1196
       Headbutt          |    10 |    38 |   126 |   132 ||   306
       Kick              |       |    59 |    32 |       ||    91
Invok: Berserk           |     2 |     4 |     6 |     3 ||    15
       Burn Spellbooks   |       |     1 |     1 |     1 ||     3
       Brothers in Arms  |       |       |       |     3 ||     3
       Trog's Hand       |       |       |       |     1 ||     1
  Use: Scroll            |       |       |     7 |     3 ||    10
       Potion            |       |       |       |     2 ||     2
  Eat: Chunk             |     3 |    10 |    13 |    13 ||    39
       Ration            |       |       |     2 |     1 ||     3
Armor: Chain mail        |    27 |       |       |       ||    27
       Animal skin       |     2 |       |       |       ||     2
       Plate armour      |    86 |   139 |   297 |   210 ||   732
Dodge: Dodged            |    56 |    36 |   175 |   126 ||   393
Block: Large shield      |       |    23 |       |   166 ||   189
       Buckler           |       |    42 |   188 |    83 ||   313
       Rpst.: Falchion   |    23 |    12 |    61 |    35 ||   131
